 Dungeon Crawl Stone Soup version 0.31-a0-1522-g43313d8a59 (webtiles) character file.

Game seed: 6174785314220468952

20 Flugkiller the Apothecary (level 2, 0/17 HPs)
             Began as an Octopode Alchemist on Dec 30, 2023.
             Constricted to death by a ball python (1 damage)
             ... on level 2 of the Dungeon.
             The game lasted 00:01:19 (318 turns).

Flugkiller the Apothecary (Octopode Alchemist)       Turns: 318, Time: 00:01:19

Health: 0/17       AC:  1    Str:  7    XL:     2   Next: 79%
Magic:  0/5        EV: 10    Int: 17    God:
Gold:   43         SH:  0    Dex: 12    Spells: 4/5 levels left

rFire   . . .        (no weapon)
rCold   . . .        (no shield)
rNeg    . . .        (helmet restricted)
rPois   .            (no amulet)
rElec   .            (no ring)
rCorr   .            (no ring)
SInv    .            (no ring)
Will    .....        (no ring)
Stlth   +++          (no ring)
HPRegen 0.22/turn    (no ring)
MPRegen 0.09/turn    (no ring)
                     (no ring)

%: no passive effects
@: constricted
A: almost no armour, amphibious, 8 rings, camouflage 1, gelatinous body 1,
(nimble swimmer 1), tentacles
a: no special abilities


You were on level 2 of the Dungeon.
You visited 1 branch of the dungeon, and saw 3 of its levels.

You collected 43 gold pieces.

Inventory:

Talismans
 b - a talisman of death
   (You found it on level 1 of the Dungeon)
Scrolls
 c - a scroll of enchant weapon {unknown}
 e - a scroll of fear {unknown}
 g - a scroll of teleportation {unknown}
 h - a scroll of enchant armour {unknown}
Potions
 a - a potion of magic
 d - 2 potions of mutation {unknown}
 f - a potion of heal wounds {unknown}


   Skills:
 - Level 2.0 Dodging
 - Level 2.6 Stealth
 + Level 2.3 Spellcasting
 - Level 1.0 Conjurations
 * Level 4.0 Alchemy


You had 4 spell levels left.
You knew the following spells:

 Your Spells              Type           Power      Damage    Failure   Level
a - Sting                 Conj/Alch      40%        1d5       7%          1

Your spell library contained the following spells:

 Spells                   Type           Power      Damage    Failure   Level
 Mercury Vapours          Alch/Air       16%        N/A       12%         2
 Ensorcelled Hibernation  Hex/Ice        4%         N/A       28%         2
 Mephitic Cloud           Conj/Alch/Air  7%         N/A       28%         3
 Olgreb's Toxic Radiance  Alch           15%        N/A       34%         4
 Passwall                 Erth           2%         N/A       50%         3
 Swiftness                Air            2%         N/A       50%         3
 Sticky Flame             Fire/Alch      8%         2d4       63%         4


Dungeon Overview and Level Annotations

Branches:
Dungeon (3/15) Zot: 17679

Altars:


Innate Abilities, Weirdness & Mutations

You cannot wear most types of armour.
You are amphibious.
You can wear up to eight rings at the same time.
Your skin changes colour to match your surroundings (Stealth+).
Your rubbery body absorbs attacks. (AC +1, EV +1)
((You are camouflaged when in or above water. (Stealth+)))
You have tentacles for arms and can constrict up to eight enemies at once.


Message History

You climb upwards.
There is a stone staircase leading down here.
Casting: Sting (safe; 7% risk of failure)
Confirm with . or Enter, or press ? or * to list all spells.
Aiming: Sting (safe; 7% risk of failure)
Press: ? - help, Shift-Dir - straight line, f - quokka
Aim: a quokka (60% to hit)
The sting hits the quokka.
The quokka is poisoned.
You kill the quokka!
Casting: Sting (safe; 7% risk of failure)
Confirm with . or Enter, or press ? or * to list all spells.
You can't see any susceptible monsters within range! (Use Z to cast anyway.)
Found 18 gold pieces.
A goblin comes into view. It is wielding a +0 club.
Casting: Sting (safe; 7% risk of failure)
Confirm with . or Enter, or press ? or * to list all spells.
Aiming: Sting (safe; 7% risk of failure)
Press: ? - help, Shift-Dir - straight line, f - goblin
Aim: a goblin, wielding a +0 club (asleep, 100% to hit)
The sting hits the goblin.
The goblin is poisoned.
The goblin is moderately wounded.
The goblin shouts!
Casting: Sting (safe; 7% risk of failure)
Confirm with . or Enter, or press ? or * to list all spells.
Aiming: Sting (safe; 7% risk of failure)
Press: ? - help, Shift-Dir - straight line, f/p - goblin
Aim: a goblin, wielding a +0 club (moderately wounded, poisoned, 64% to hit)
The sting hits the goblin.
The goblin looks even sicker.
You kill the goblin!
Your Alchemy skill increases to level 4!
A ball python and a ribbon worm come into view.
Found a red potion.
Unknown command.
A kobold comes into view. It is wielding a +0 dagger.
Casting: Sting (safe; 7% risk of failure)
Confirm with . or Enter, or press ? or * to list all spells.
Aiming: Sting (safe; 7% risk of failure)
Press: ? - help, Shift-Dir - straight line, f - ribbon worm
Aim: a ribbon worm (90% to hit)
The sting hits the ribbon worm.
The ribbon worm is poisoned.
The ribbon worm is lightly wounded.
Casting: Sting (safe; 7% risk of failure)
Confirm with . or Enter, or press ? or * to list all spells.
Aiming: Sting (safe; 7% risk of failure)
Press: ? - help, Shift-Dir - straight line, f/p - ribbon worm
Aim: a ribbon worm (lightly wounded, poisoned, 90% to hit)
The sting hits the ribbon worm.
The ribbon worm looks even sicker.
The ribbon worm is heavily wounded.
Casting: Sting (safe; 7% risk of failure)
Confirm with . or Enter, or press ? or * to list all spells.
You don't have enough magic to cast this spell.
The ribbon worm misses you.
The ball python hisses angrily.
You tentacle-slap the ribbon worm but do no damage.
Your grab misses the ribbon worm. You squeeze the ribbon worm.
The ribbon worm is severely wounded.
The ribbon worm misses you.
You tentacle-slap the ribbon worm but do no damage.
You grab the ribbon worm.
The ribbon worm is severely wounded.
You constrict the ribbon worm, but do no damage.
The ribbon worm bites you.
You tentacle-slap the ribbon worm but do no damage.
Your squeeze misses the ribbon worm.
The ribbon worm is severely wounded.
You constrict the ribbon worm, but do no damage.
You tentacle-slap the ribbon worm but do no damage.
You squeeze the ribbon worm.
You kill the ribbon worm!
The ball python bites you. The ball python grabs you.
The ball python constricts you.
The kobold shouts!
Casting: Sting (safe; 7% risk of failure)
Confirm with . or Enter, or press ? or * to list all spells.
Aiming: Sting (safe; 7% risk of failure)
Press: ? - help, Shift-Dir - straight line, f - kobold
Aim: a kobold, wielding a +0 dagger (64% to hit)
The sting hits the kobold but does no damage.
The kobold is poisoned.
The ball python bites you. The ball python constricts you.
The kobold barely misses you.
You barely miss the kobold. Your grab misses the kobold.
The kobold is heavily wounded.
The ball python barely misses you. The ball python constricts you.
The kobold hits you with a +0 dagger.
The ball python bites you but does no damage.
The ball python constricts you.
You tentacle-slap the kobold but do no damage.
You grab the kobold.
The kobold is heavily wounded.
You constrict the kobold, but do no damage.
The kobold hits you with a +0 dagger.
* * * LOW HITPOINT WARNING * * *
The ball python bites you.
* * * LOW HITPOINT WARNING * * *
The ball python constricts you.
You tentacle-slap the kobold.
You kill the kobold!
The ball python bites you but does no damage.
The ball python constricts you.
You die...

........##.##.####..##
#
........##.##.###..###
........##.##........#
........##.###...##.##
........##........#...
........##.##..##.#.###
..............## .###
.......).#..#####.#
###....@S..†....#.#
#.............#.#
#.............#
#.........)...#
##+####.......#
........# .........#
...######## ....


You could see a ball python.

Vanquished Creatures
  A ribbon worm (D:2)
  2 bats (D:1)
  2 endoplasms (D:1)
  A giant cockroach (D:1)
  A goblin (D:2)
  3 kobolds
  A quokka (D:2)
  4 ball pythons (D:1)
  A frilled lizard (D:3)
  A rat (D:1)
17 creatures vanquished.

Notes
Turn   | Place    | Note
-------+----------+-------------------------------------------
     0 | D:1      | Flugkiller the Octopode Alchemist began the quest for the
                  | Orb.
     0 | D:1      | Reached XP level 1. HP: 11/11 MP: 3/3
    82 | D:1      | Reached XP level 2. HP: 17/17 MP: 0/5
    93 | D:1      | Found a faded altar of an unknown god.
   295 | D:2      | Reached skill level 4 in Alchemy
   318 | D:2      | Constricted to death by a ball python

Illustrated notes

Levels and vault maps discovered:
D:1:      amcnicky_arrival_flooded_fountain, layout_loops_cross, serial_shops,
          shop, shapermc_ecumenical_altar_totnotflames
D:2:      layout_basic, basic_altar
D:3:      layout_rooms

Skill      XL: |  1  2 |
---------------+-------+-----
Alchemy        | 4 |  4.0
Dodging        | |  2.0
Stealth        | |  2.6
Spellcasting   | |  2.3
Conjurations   | |  1.0

Action                     || total
---------------------------++-------
  Melee: Unarmed           ||    17
         Constrict         ||     4
         Tentacles         ||     4
   Cast: Sting             ||    22
 Armour: Skin              ||    13
  Dodge: Dodged            ||    28

Table legend: (Time is in decaauts)
 A = Elapsed time spent in this place.
 B = Non-inter-level travel time spent in this place.
 C = Inter-level travel time spent in this place.
 D = Time resting spent in this place.
 E = Time spent auto-exploring this place.
 F = Levels seen in this place.
 G = Mean time per level.
                   A        B        C        D        E       F      G
               +--------+--------+--------+--------+--------+-----+--------+
         Total |    319 |    309 |     10 |      0 |      7 |   3 |  106.3 |
       Dungeon |    319 |    309 |     10 |      0 |      7 |   3 |  106.3 |
               +--------+--------+--------+--------+--------+-----+--------+

Top non-repeatable levels by time:
     D:1: 228 daAuts
     D:2: 68 daAuts
     D:3: 22 daAuts
